 Dungeon Crawl Stone Soup version 0.31-a0-75-g6fe912e8c5 (webtiles) character file.

Game seed: 6389508490697675635

1628 senseless the Covered (level 8, -3/73 HPs)
             Began as a Minotaur Fighter on May 23, 2023.
             Was a Believer of Okawaru.
             Succumbed to a gnoll sergeant's poison
             ... on level 7 of the Dungeon.
             The game lasted 00:10:12 (5269 turns).

senseless the Covered (Minotaur Fighter)            Turns: 5269, Time: 00:10:12

Health: -3/73      AC: 14    Str: 26    XL:     8   Next: 65%
Magic:  3/7        EV:  7    Int: 10    God:    Okawaru [**....]
Gold:   385        SH:  5    Dex:  8    Spells: 7/7 levels left

rFire   . . .        a - +1 war axe
rCold   + . .        c - +0 buckler
rNeg    . . .        j - +0 plate armour
rPois   .            (helmet restricted)
rElec   .            (no cloak)
rCorr   .            (no gloves)
SInv    .            b - +0 pair of boots
Will    .....        o - amulet of guardian spirit Stlth
                     n - +6 ring of intelligence
HPRegen 0.32/turn    (no ring)
MPRegen 0.10/turn

%: guardian spirit
@: mighty, lethally poisoned (-3 -> -34)
A: horns 2, retaliatory headbutt, clumsy 1, cold resistance 1, strong 1
a: Renounce Religion, Heroism


You were on level 7 of the Dungeon.
You worshipped Okawaru.
Okawaru was pleased with you.
You visited 2 branches of the dungeon, and saw 8 of its levels.

You collected 385 gold pieces.

Inventory:

Hand Weapons
 a - a +1 war axe (weapon)
Armour
 b - a +0 pair of boots (worn)
 c - a +0 buckler (worn)
 j - a +0 plate armour (worn)
 v - the +3 ring mail "Ixowk" {rC+ rN+ Int+4 SInv}
   (You found it on level 5 of the Dungeon)

   Int:       It affects your intelligence (+4).
   rC:        It protects you from cold.
   rN:        It protects you from negative energy.
   SInv:      It lets you see invisible.
Jewellery
 m - a ring of ice
 n - a +6 ring of intelligence (left hand)
 o - an amulet of guardian spirit (around neck)
Wands
 y - a wand of flame (16) (quivered)
Scrolls
 g - a scroll of amnesia
 h - a scroll of identify
 i - a scroll of teleportation
 k - 2 scrolls of magic mapping
 r - a scroll of fear
Potions
 e - 2 potions of mutation
 f - a potion of attraction


   Skills:
 + Level 7.5 Fighting
 + Level 6.9 Axes
 + Level 7.5 Armour
 + Level 7.5 Shields


You had 7 spell levels left.
You didn't know any spells.
Your spell library contained the following spells:

 Spells                   Type           Power      Damage    Failure   Level
 Beastly Appendage        Tmut           0%         N/A       99%         1
 Sting                    Tmut/Pois      0%         1d3       99%         1
 Cigotuvi's Dreadful Rot  Necr/Pois/Air  0%         N/A       100%        2
 Poisonous Vapours        Pois/Air       0%         N/A       100%        2
 Wereblood                Tmut           0%         N/A       100%        2
 Dazzling Flash           Conj/Hex       0%         N/A       100%        3
 Spider Form              Tmut/Pois      0%         N/A       100%        3
 Vhi's Electric Charge    Tloc/Air       0%         N/A       100%        3
 Volatile Blastmotes      Fire/Tloc      0%         2d10      100%        3
 Dispel Undead            Necr           0%         3d6       100%        4
 Iskenderun's Mystic Bla  Conj/Tloc      0%         2d3       100%        4
 Olgreb's Toxic Radiance  Pois           0%         N/A       100%        4
 Arcjolt                  Conj/Air       0%         1d10      100%        5
 Starburst                Conj/Fire      0%         6d3       100%        6
 Maxwell's Capacitive Co  Air            0%         ∞         100%        8
 Death Channel            Necr           Unusable   N/A       N/A         6

Dungeon Overview and Level Annotations

Branches:
Dungeon (7/15)             Temple (1/1) D:4

Altars:
Ashenzari
Dithmenos
Elyvilon
Fedhas
Gozag
Kikubaaqudgha
Nemelex Xobeh
Okawaru
Qazlal
Ru
Sif Muna
Trog
Uskayaw
Vehumet
Wu Jian
Xom
Yredelemnul

Shops:
D:3 :


Innate Abilities, Weirdness & Mutations

You have a pair of horns on your head.
You reflexively headbutt those who attack you in melee.
You are clumsy. (Dex -2)
Your flesh is cold resistant. (rC+)
Your muscles are strong. (Str +4, Int/Dex -1)


Message History

You are more poisoned.
The killer bee stings you but does no damage. x2
You closely miss the killer bee. You barely miss the killer bee.
You feel very sick. The killer bee closely misses you.
The killer bee stings you but does no damage.
You block the killer bee's attack. x2
The gnoll sergeant hits you from afar with a +1 spear of venom.
You are more poisoned.
You are too injured to fight recklessly!
You are too injured to fight recklessly!
You miss the killer bee. Your headbutt misses the killer bee.
You miss the killer bee.
You feel extremely sick.
The killer bee stings you but does no damage. x4
The gnoll sergeant barely misses you.
You barely miss the killer bee. x2
You feel very sick. You block the killer bee's attack.
The killer bee closely misses you. You furiously retaliate!
You headbutt the killer bee!
The killer bee stings you but does no damage.
You block the killer bee's attack.
The gnoll sergeant hits you from afar with a +1 spear of venom.
* * * LOW HITPOINT WARNING * * *
You are lethally poisoned!
The killer bee stings you but does no damage. x2
* * * LOW HITPOINT WARNING * * *
You feel extremely sick.
You feel very mighty all of a sudden.
* * * LOW HITPOINT WARNING * * *
You feel very sick.
The killer bee stings you but does no damage.
The killer bee barely misses you.
The gnoll sergeant hits you from afar with a +1 spear of venom.
* * * LOW HITPOINT WARNING * * *
You are more poisoned.
The killer bee stings you but does no damage. x2
The killer bee attacks as you move away!
The killer bee stings you.
You die...

# ######### .# .
#... ...##.##...
#....##.#y.g.g..
#..#...yyg#
#..####.#.#
#..####@#.#
#.......#..
####.#######.#
#.....# .#
#<#.#.# ..
#.....# ..
#...### #.....#
##...##


You could see 3 killer bees.

Vanquished Creatures
  A hornet (D:5)
  2 ice beasts
  2 black bears
  A centaur (D:6)
  A phantom (D:6)
  A bullfrog (D:6)
  2 scorpions
  2 killer bees (D:7)
  6 hounds
  A jelly (D:5)
  2 orc priests
  A gnoll bouda (D:5)
  2 iguanas
  An orc wizard (D:5)
  A sleepcap (D:7)
  8 gnolls
  9 adders
  2 worms (D:2)
  2 dart slugs
  10 orcs
  5 ball pythons
  3 endoplasms
  2 giant cockroaches
  8 goblins
  7 hobgoblins
  7 jackals (D:1)
  5 quokkas
  2 bats
  3 frilled lizards
  5 kobolds
  5 rats
109 creatures vanquished.

Notes
Turn   | Place    | Note
-------+----------+-------------------------------------------
     0 | D:1      | senseless the Minotaur Fighter began the quest for the Orb.
     0 | D:1      | Reached XP level 1. HP: 19/19 MP: 0/0
   195 | D:1      | Reached XP level 2. HP: 22/27 MP: 1/1
   860 | D:2      | Reached XP level 3. HP: 33/33 MP: 2/2
  1298 | D:2      | Reached XP level 4. HP: 37/40 MP: 3/3
  1825 | D:3      | Found a broken altar of Ashenzari.
  2169 | D:3      | Found Xaigo's Book Shop.
  2259 | D:3      | Reached XP level 5. HP: 47/47 MP: 4/4
  2342 | D:4      | Found a staircase to the Ecumenical Temple.
  2618 | D:4      | Noticed a black bear
  2625 | D:4      | Killed a black bear
  2626 | D:4      | Reached skill level 5 in Fighting
  2626 | D:4      | Reached skill level 5 in Armour
  2626 | D:4      | Reached skill level 5 in Shields
  2626 | D:4      | Reached XP level 6. HP: 43/56 MP: 3/5
  3338 | Temple   | Entered the Ecumenical Temple
  3564 | Temple   | Became a worshipper of Warmaster Okawaru
  3640 | D:5      | Entered Level 5 of the Dungeon
  3654 | D:5      | Identified the +3 ring mail "Ixowk" {rC+ rN+ Int+4 SInv}
  3793 | D:5      | Identified the +3 ring mail of Refuge {Contam Int+5}
  3798 | D:5      | Noticed an ice beast
  3811 | D:5      | Killed an ice beast
  3811 | D:5      | Reached * piety under Okawaru
  3812 | D:5      | Reached skill level 5 in Axes
  3812 | D:5      | Reached XP level 7. HP: 28/62 MP: 4/6
  3941 | D:5      | Noticed a hornet
  3948 | D:5      | Killed a hornet
  4415 | D:5      | Gained mutation: You are covered in fur. (AC +1) [potion of
                  | mutation]
  4415 | D:5      | Gained mutation: You have sharp fingernails. [potion of
                  | mutation]
  4415 | D:5      | Gained mutation: You are weak. (Str -2) [potion of
                  | mutation]
  4415 | D:5      | Gained mutation: Your flesh is cold resistant. (rC+)
                  | [potion of mutation]
  4416 | D:5      | Lost mutation: Your flesh is cold resistant. (rC+) [potion
                  | of mutation]
  4416 | D:5      | Lost mutation: You are weak. (Str -2) [potion of mutation]
  4417 | D:5      | Lost mutation: You have sharp fingernails. [potion of
                  | mutation]
  4417 | D:5      | Lost mutation: You are covered in fur. (AC +1) [potion of
                  | mutation]
  4417 | D:5      | Gained mutation: Your muscles are strong. (Str +4, Int/Dex
                  | -1) [potion of mutation]
  4417 | D:5      | Gained mutation: You are clumsy. (Dex -2) [potion of
                  | mutation]
  4417 | D:5      | Gained mutation: Your flesh is cold resistant. (rC+)
                  | [potion of mutation]
  4469 | D:6      | Found a shimmering altar of Xom.
  4510 | D:6      | Reached ** piety under Okawaru
  4511 | D:6      | Reached XP level 8. HP: 71/71 MP: 7/7
  5268 | D:7      | HP: 3/73 [gnoll sergeant/+1 spear of venom (2)]
  5269 | D:7      | Succumbed to a gnoll sergeant's poison

Illustrated notes

Levels and vault maps discovered:
D:1:      minmay_arrival_up_and_down, layout_loops_ring, columned_hall_lemuel
D:2:      layout_basic, minmay_misc_feat_iff, minmay_heptomino_l4
D:3:      layout_basic, cheibrodos_ashenzari_chains, serial_shops, shop,
          kennysheep_generic_room_15
D:4:      layout_loops_corners, minmay_temple_entry_statues_pillars,
          minmay_misc_feat_rugged
D:5:      layout_rooms
D:6:      minmay_diamond_boxcup, layout_basic, lemuel_round_altar
D:7:      layout_loops_cross, gammafunk_temple_overflow_forgotten
Temple:   regret_index_temple_generic_petals

Skill      XL: |  1  2  3  4  5  6  7  8 |
---------------+-------------------------+-----
Armour         | 4 5 6 7 |  7.5
Fighting       | 4 5 6 7 |  7.5
Shields        | 4 5 6 7 |  7.5
Axes           | 3 4 5 6 |  6.9

Action                     |  1- 3 |  4- 6 |  7- 9 || total
---------------------------+-------+-------+-------++-------
  Melee: War axe           |    86 |    94 |    82 ||   262
         Headbutt          |    11 |    10 |     8 ||    29
 Invoke: Heroism           |       |       |     1 ||     1
    Use: Scroll            |       |       |    11 ||    11
         Potion            |       |       |     9 ||     9
 Armour: Scale mail        |     9 |       |       ||     9
         Plate armour      |    48 |    67 |    73 ||   188
  Dodge: Dodged            |    24 |    24 |    37 ||    85
  Block: Buckler           |    13 |    27 |    23 ||    63

Table legend: (Time is in decaauts)
 A = Elapsed time spent in this place.
 B = Non-inter-level travel time spent in this place.
 C = Inter-level travel time spent in this place.
 D = Time resting spent in this place.
 E = Time spent auto-exploring this place.
 F = Levels seen in this place.
 G = Mean time per level.
                   A        B        C        D        E       F      G
               +--------+--------+--------+--------+--------+-----+--------+
         Total |   5337 |   5015 |    322 |      0 |   4282 |   8 |  667.1 |
       Dungeon |   5087 |   4811 |    276 |      0 |   4090 |   7 |  726.7 |
        Temple |    249 |    203 |     46 |      0 |    192 |   1 |  249.0 |
               +--------+--------+--------+--------+--------+-----+--------+

Top non-repeatable levels by time:
     D:4: 1080 daAuts
     D:3: 913 daAuts
     D:1: 853 daAuts
     D:5: 824 daAuts
     D:6: 784 daAuts
     D:2: 596 daAuts
  Temple: 249 daAuts
     D:7: 35 daAuts
